 Dungeon Crawl Stone Soup version 0.29.0-4-gdea44cf6ec (webtiles) character file.

Game seed: 14039607986791106219

8 qw the Shield-Bearer (level 2, -4/26 HPs)
             Began as a Minotaur Fighter on Sept 6, 2022.
             Succumbed to a hobgoblin's curare-tipped dart
             ... on level 1 of the Dungeon.
             The game lasted 00:00:07 (465 turns).

qw the Shield-Bearer (Minotaur Fighter)              Turns: 465, Time: 00:00:08

Health: -4/26      AC:  6    Str: 20    XL:     2   Next: 0%
Magic:  1/1        EV:  9    Int:  5    God:
Gold:   26         SH:  4    Dex:  9    Spells: 1/1 levels left

rFire   . . .      SeeInvis .   a - +0 war axe
rCold   . . .      Faith    .   c - +0 buckler
rNeg    . . .      Spirit   .   b - +0 scale mail
rPois   .          Reflect  .   (helmet restricted)
rElec   .          Harm     .   (no cloak)
rCorr   .          Rampage  .   (no gloves)
Will    .....                   (no boots)
Stlth   ..........              (no amulet)
HPRegen 0.08/turn               (no ring)
MPRegen 0.07/turn               (no ring)

@: lethally poisoned (-4 -> -28), slowed, very slow
A: horns 2, retaliatory headbutt
a: no special abilities


You were on level 1 of the Dungeon.
You visited 1 branch of the dungeon, and saw 1 of its levels.

You collected 26 gold pieces.


Innate Abilities, Weirdness & Mutations

You have a pair of horns on your head.
You reflexively headbutt those who attack you in melee.


   Skills:
 - Level 3.6 Fighting
 + Level 3.4 Axes
 - Level 3.6 Armour
 - Level 3.6 Shields


You had one spell level left.
You didn't know any spells.
Your spell library was empty.

Inventory:

Hand Weapons
 a - a +0 war axe (weapon)
 e - a +0 club
Armour
 b - a +0 scale mail (worn)
 c - a +0 buckler (worn)
Scrolls
 f - a scroll of silence {unknown}
 g - a scroll of vulnerability {unknown}
Potions
 d - a potion of might

Dungeon Overview and Level Annotations

Branches:
Dungeon (1/15)

Altars:


Message History

You kill the rat!
You now have 26 gold pieces (gained 10).
As you open the door, it creaks loudly!
You hear a shout!
There is an open door here.
A goblin comes into view. It is wielding a +0 club.
Enter note:
344 ||| Stepping ~*~*~tactically~*~*~ (stealth).
You hit the goblin.
The goblin is severely wounded.
The goblin hits you with a +0 club.
You slash the goblin!
You kill the goblin!
You have reached level 2!
You start resting.
HP restored.
Things that are here:
a +0 club; a goblin corpse
Found a dagger.
Enter note: You see here a +0 dagger.
There is an open door here.
You open the door.
There is an open door here.
There is an open door here.
There is an open door here.
A hobgoblin comes into view. It is quivering curare-tipped darts.
The hobgoblin throws a curare-tipped dart.
The curare-tipped dart hits you.
You are poisoned.
You have difficulty breathing.
You feel yourself slow down.
You feel very sick.
The hobgoblin throws a curare-tipped dart.
You block the curare-tipped dart.
You feel very sick.
The hobgoblin throws a curare-tipped dart.
The curare-tipped dart hits you.
You are lethally poisoned!
You have difficulty breathing.
You feel as though you will be slow longer.
You die...

##.#........# ##.#
#.######.### #####.#
##.######.# #......
.#........## ....###.#
#.######)..## ## ## #.#
##.# ##.....## .. #.#
#.###.......## .## #..
##.##.........####...##.
#.####.
#...'.........'.@.......
.......
.####.........####...##.
##..###. ## ##.......##
g..... ....... #
##.....## #.##.# #..####
# ##...## #.##.# #..# #.
##'## #. ..# #..###. #.#
#.#.. #...... #.# #...
#..###. ##.##
#..#####..# ##


You could see a hobgoblin.

Vanquished Creatures
  2 endoplasms (D:1)
  2 goblins (D:1)
  A hobgoblin (D:1)
  A quokka (D:1)
  A rat (D:1)
7 creatures vanquished.

Notes
Turn   | Place    | Note
-------+----------+-------------------------------------------
     0 | D:1      | qw the Minotaur Fighter began the quest for the Orb.
     0 | D:1      | Reached XP level 1. HP: 19/19 MP: 0/0
     0 | D:1      | 0 ||| qw: Version: 0.1-a-107-g9ff403c
     0 | D:1      | 0 ||| qw: Game counter: 6125
     0 | D:1      | 0 ||| qw: Always use a shield: true
     0 | D:1      | 0 ||| qw: God list: Ru
     0 | D:1      | 0 ||| qw: Allow faded altars: false
     0 | D:1      | 0 ||| qw: Do Orc after D:15 true
     0 | D:1      | 0 ||| qw: Do second Lair branch before Depths: true
     0 | D:1      | 0 ||| qw: Lair rune preference: random
     0 | D:1      | 0 ||| qw: Plans: Normal
     0 | D:1      | 0 ||| PLANNING D:1-11
   187 | D:1      | Reached skill level 3 in Axes
   344 | D:1      | 344 ||| Stepping ~*~*~tactically~*~*~ (stealth).
   347 | D:1      | Reached XP level 2. HP: 23/26 MP: 1/1
   464 | D:1      | HP: 3/26 [asphyx]
   465 | D:1      | Succumbed to a hobgoblin's curare-tipped dart

Levels and vault maps discovered:
D:1:      amcnicky_arrival_wind_blow, layout_loops_corners,
          minmay_split_cup_small

Skill      XL: |  1 |
---------------+----+-----
Axes           | 3 |  3.4
Fighting       | |  3.6
Armour         | |  3.6
Shields        | |  3.6

Action                   || total
-------------------------++-------
Melee: War axe           ||    10
Armor: Scale mail        ||     1
Dodge: Dodged            ||     3
Block: Buckler           ||     1

Table legend:
 A = Non-vault XP
 B = Vault XP
 C = Vault XP percentage of total XP
 D = Non-vault monster count
 E = Vault monster count
 F = Vault count percentage of total count
                 A         B        C        D         E       F
            +---------+---------+-------+---------+---------+-------
      Total |       7 |       5 |  41.7 |       4 |       3 |  42.9
            +---------+---------+-------+---------+---------+-------
        D:1 |       7 |       5 |  41.7 |       4 |       3 |  42.9
            +---------+---------+-------+---------+---------+-------
